 Dungeon Crawl Stone Soup version 0.15.2 (webtiles) character file.

2857 mopl the Practitioner (level 10, -2/77 HPs)
             Began as a Human Healer on July 18, 2016.
             Was a Believer of Elyvilon.
             Slain by an ogre
             ... wielding a +0 giant spiked club
              (17 damage)
             ... on Level 7 of the Dungeon.
             The game lasted 00:29:28 (10466 turns).

mopl the Practitioner (Human Healer)               Turns: 10466, Time: 00:29:29

HP  -2/77        AC  4     Str 14      XL: 10   Next:  4%
MP  23/23        EV 10     Int 13      God: Elyvilon [**....]
Gold 411         SH  3     Dex 14      Spells:  0 memorised,  9 levels left

rFire  + . .     SeeInvis .     a - +2 short sword (freeze)
rCold  + . .     Clarity  .     H - +0 leather armour {rC+}
rNeg   . . .     rCorr    .     h - +0 buckler
rPois  +         rRot     .     s - +0 helmet
rElec  .         Spirit   .     (no cloak)
SustAb .         Warding  .     (no gloves)
rMut   +         Stasis   .     (no boots)
Gourm  .                        k - amulet of resist mutation
MR     .....                    D - ring of protection from fire
                                B - ring of poison resistance

@: not resistant to hostile enchantments, very unstealthy
A: no striking features
a: Lesser Healing, Lesser Self-Healing, Divine Protection, Purification,
Renounce Religion


You were on level 7 of the Dungeon.
You worshipped Elyvilon.
Elyvilon was pleased with you.
You were near starving.

You visited 1 branch of the dungeon, and saw 7 of its levels.
You also visited: Bailey.

You collected 615 gold pieces.
You spent 204 gold pieces at shops.

Inventory:

Hand weapons
 a - a +2 short sword of freezing (weapon)
 b - a +0 blowgun
 C - a +0 spear of venom
 G - a -1 long sword
Missiles
 E - 2 needles of slowing
Armour
 f - a +0 scale mail
 h - a +0 buckler (worn)
 o - a +0 ring mail
 s - a +0 helmet (worn)
 w - a +0 chain mail
 H - a +0 leather armour of cold resistance (worn)
 M - a +3 leather armour of magic resistance
Magical devices
 K - a wand of fire (1)
Comestibles
 d - 7 bread rations
 m - 4 meat rations
 r - 4 fruits
 P - a rotting chunk of goblin flesh
Scrolls
 e - 2 scrolls of blinking {unknown}
 g - 6 scrolls of remove curse
 j - 9 scrolls of identify
 p - 2 scrolls of enchant armour {unknown}
 q - 3 scrolls of teleportation {unknown}
 t - a scroll of fear {unknown}
 u - a scroll of immolation {unknown}
 x - a scroll of vulnerability {unknown}
 y - 3 scrolls of magic mapping {unknown}
 J - a scroll of fog {unknown}
 L - a scroll of recharging {unknown}
 N - 2 scrolls of acquirement {unknown}
Jewellery
 k - an amulet of resist mutation (around neck)
 B - a ring of poison resistance (left hand)
 D - a ring of protection from fire (right hand)
Potions
 i - a potion of cure mutation {!q}
 l - 3 potions of curing
 n - 2 potions of restore abilities
 v - 3 potions of might
 z - 2 potions of berserk rage
 O - a potion of lignification
Books
 I - a book of Conjurations

   Spells                             Type                      Level
   Magic Dart                         Conjuration                  1
   Searing Ray                        Conjuration                  2
   Dazzling Spray                     Conjuration/Hexes            3
   Fulminant Prism                    Conjuration/Hexes            4
   Iskenderun's Mystic Blast          Conjuration                  4
   Iskenderun's Battlesphere          Conjuration/Charms           5


   Skills:
 + Level 6.4 Fighting
 * Level 7.1 Long Blades
 - Level 2.0 Dodging
 * Level 10.1 Invocations


You had 9 spell levels left.
You didn't know any spells.

Dungeon Overview and Level Annotations

Branches:
Dungeon (7/15)
 Temple: D:4-7

Altars:
Dithmenos
Nemelex Xobeh
Vehumet
Xom
Yredelemnul

Shops:
D:4 *   D:6 [

Annotations:
D:2 Sigmund


Message History

Use which ability? (? or * to list)
Press: ? - help, Dir - move target cursor, f/p - ogre Heal: an ogre, wielding a giant spiked club (severely wounded)
The light of Elyvilon fails to reach the ogre.
You feel somewhat more hungry. The kobold skeleton hits you.
* * * LOW HITPOINT WARNING * * *
Unknown command.
You see here 2 poisoned needles.
The rat twitches its whiskers.
There is an open door here.
Drink which item? (? for menu, Esc to quit)
You feel much better.
The ogre hits you with a giant spiked club!
* * * LOW HITPOINT WARNING * * *
You closely miss the ogre.
The ogre is heavily wounded.
You slash the ogre! You freeze the ogre.
The ogre is almost dead.
The ogre hits you with a giant spiked club!
You die...

.#...## ##..## ......# #....#
......# #....# ......# #....#
###..#######..############
###..##..#..........#....#
.....'....#....#...........
.....#....#....#.....#.....
.....#....+..(rO@....# ....
#...###..##....###..## ..# .
....# #..##....###..###..##..
....# ...+....r.#............
#...+....#......#.............
....#....#......+...(<........
....# ..#......#.............
#...# . ##..(######.########
##+####'###...######.###


You could see an ogre and a rat.

Vanquished Creatures
  2 water moccasins (D:5)
  An ice beast (D:7)
  2 necrophages (D:6)
  7 orc warriors
  3 ogres
  4 centaurs
  A scorpion (D:5)
  A crimson imp (D:5)
  A jelly (D:5)
  A goliath beetle (D:7)
  A hound (D:5)
  An orc priest (D:5)
  3 orc wizards
  An elf skeleton (D:7)
  A killer bee zombie (D:6)
  4 worker ants
  A big kobold skeleton (D:5)
  4 adders
  5 gnolls
  2 orc skeletons (D:6)
  5 worms
  An iguana skeleton (D:7)
  3 oozes
  20 orcs
  3 ball pythons
  8 bats
  8 giant cockroaches
  23 goblins
  13 hobgoblins
  4 jackals (D:7)
  3 giant geckos
  5 giant newts
  7 kobolds
  4 quokkas
  13 rats
166 creatures vanquished.

Vanquished Creatures (others)
  An orc warrior (Bailey)
  A giant frog (D:7)
  An adder (D:3)
  4 orcs
  A ball python (D:3)
  A bat (D:2)
  A giant spore (D:7)
10 creatures vanquished.

Grand Total: 176 creatures vanquished

Notes
Turn   | Place    | Note
--------------------------------------------------------------
     0 | D:1      | mopl, the Human Healer, began the quest for the Orb.
     0 | D:1      | Reached XP level 1. HP: 15/15 MP: 2/2
   250 | D:1      | Reached XP level 2. HP: 19/21 MP: 4/4
   736 | D:2      | Reached XP level 3. HP: 22/27 MP: 5/5
  1089 | D:2      | Reached skill level 4 in Invocations
  1163 | D:2      | Found a radiant altar of Vehumet.
  1313 | D:2      | Noticed Sigmund
  1331 | D:2      | Reached XP level 4. HP: 29/33 MP: 4/7
  2451 | D:3      | Reached XP level 5. HP: 35/39 MP: 9/9
  2569 | D:3      | Reached skill level 5 in Invocations
  3548 | D:3      | Reached XP level 6. HP: 45/47 MP: 12/12
  4041 | D:4      | Found Crism's Assorted Antiques.
  4055 | D:4      | Reached skill level 6 in Invocations
  4074 | D:4      | Bought a blue potion for 20 gold pieces
  4074 | D:4      | Bought a scroll labeled FERUW TOAKHLU for 23 gold pieces
  4074 | D:4      | Bought a scroll labeled STUHITT TYANYWN for 23 gold pieces
  4944 | D:4      | Reached skill level 1 in Long Blades
  4944 | D:4      | Reached XP level 7. HP: 24/53 MP: 14/16
  5241 | D:4      | Found a basalt altar of Yredelemnul.
  5241 | D:4      | Found a shimmering altar of Xom.
  5242 | D:4      | Found a shadowy altar of Dithmenos.
  5336 | D:5      | Entered Level 5 of the Dungeon
  5808 | D:5      | Reached skill level 7 in Invocations
  6190 | D:5      | Reached XP level 8. HP: 60/60 MP: 16/18
  7141 | D:5      | Reached skill level 8 in Invocations
  7761 | D:6      | Found Yxzuunao's Armour Shop.
  7869 | D:5      | Reached skill level 5 in Fighting
  7916 | D:4      | Bought a scroll labeled STUHITT TYANYWN for 23 gold pieces
  7916 | D:4      | Bought a scroll of identify for 46 gold pieces
  7916 | D:4      | Bought a scroll labeled FRIRRI THOYWO for 23 gold pieces
  7916 | D:4      | Bought a scroll of identify for 46 gold pieces
  8171 | D:6      | Reached XP level 9. HP: 55/68 MP: 21/21
  8234 | D:6      | Reached skill level 5 in Long Blades
  8517 | D:6      | Reached skill level 9 in Invocations
  8660 | D:6      | Found a shadowy altar of Dithmenos.
  9015 | D:7      | Found a sparkling altar of Nemelex Xobeh.
  9217 | D:7      | Found a flagged portal.
  9273 | Bailey   | Entered a bailey
  9446 | Bailey   | Acquired Elyvilon's third power
  9651 | Bailey   | Got an encrusted scale mail
  9856 | Bailey   | Identified the cursed -5 scale mail of Absence {Str+3} (You found it in a bailey)
 10164 | D:7      | Reached skill level 10 in Invocations
 10199 | D:6      | Reached XP level 10. HP: 58/77 MP: 23/23
 10466 | D:7      | Slain by an ogre

Action                   |  1- 3 |  4- 6 |  7- 9 | 10-12 || total
-------------------------+-------+-------+-------+-------++-------
Melee: Short sword       |    85 |   212 |   349 |     2 ||   648
       Long sword        |       |       |     8 |       ||     8
 Fire: Blowgun           |       |     9 |    34 |    13 ||    56
Invok: Lesser Healing    |     6 |    26 |    71 |     3 ||   106
       Lesser Self-Heali |       |     3 |       |       ||     3
       Purification      |       |     1 |       |       ||     1
       Greater Healing   |       |       |     1 |       ||     1
       Greater Self-Heal |       |       |       |     2 ||     2
Evoke: Wand              |       |       |     7 |       ||     7
  Use: Scroll            |     2 |     2 |     4 |       ||     8
       Potion            |       |       |       |     2 ||     2
  Eat: Chunk             |     2 |    16 |    22 |       ||    40
       Fruit             |       |       |     5 |       ||     5
       Beef jerky        |       |       |     1 |       ||     1
